[Event "Austrian Championship 2022"]
[Site "Vienna"]
[Date "2022.08.15"]
[Round "5.14"]
[White "Ganaus, Hannes"]
[Black "Leitner, Gerald"]
[Result "1-0"]
[ECO "A47"]
[WhiteElo "2284"]
[BlackElo "2145"]
[Annotator "NA RC"]
[PlyCount "67"]
[EventDate "2022.08.12"]
[EventType "swiss"]
[EventCountry "AUT"]
[SourceTitle "playchess.com"]
[Source "ChessBase"]
[SourceQuality "1"]
[TimeControl "40/5400+30:1800+30"]

1. d4 Nf6 2. Nf3 e6 3. Bg5 h6 4. Bh4 c5 5. e3 cxd4 6. exd4 Nc6 7. Nbd2 Be7 8. c3 O-O 9. Bd3 b6 10. O-O Bb7 11. Re1 Rc8 12. Nc4 d6 13. Ne3 Nh5 14. Bg3 Nxg3 15. hxg3 Nb8 16. Bc2 Nd7 17. Qd3 g6 18. Ng4 Kg7 19. Rxe6 f5 20. Rae1 Rf7 21. Qe3 Bg5 22. Nxg5 hxg5 23. Rxd6 Qc7 24. Rxd7 Qxd7 25. Qe5+ Kh7 26. Nf6+ Rxf6 27. Qxf6 Re8 28. Rxe8 Qxe8 29. Kh2 g4 30. Bb3 Qe4 31. Qf7+ Kh6 32. d5 Ba6 33. Qf8+ Kg5 34. d6 1-0

[Event "Austrian Championship 2022"]
[Site "Vienna"]
[Date "2022.08.15"]
[Round "5.15"]
[White "Exler, Veronika"]
[Black "Sandhoefner, Florian"]
[Result "1-0"]
[ECO "D11"]
[WhiteElo "2132"]
[BlackElo "2289"]
[Annotator "NA RC"]
[PlyCount "101"]
[EventDate "2022.08.12"]
[EventType "swiss"]
[EventCountry "AUT"]
[SourceTitle "playchess.com"]
[Source "ChessBase"]
[SourceQuality "1"]
[TimeControl "40/5400+30:1800+30"]

1. d4 d5 2. Nf3 Nf6 3. g3 c6 4. Bg2 Bf5 5. c4 e6 6. Nc3 h6 7. Qb3 Qb6 8. c5 Qxb3 9. axb3 a6 10. b4 Be7 11. Nd2 O-O 12. f3 Bh7 13. e4 dxe4 14. fxe4 Nbd7 15. O-O b6 16. e5 Nd5 17. Nxd5 exd5 18. Bh3 Rfd8 19. e6 Nf6 20. exf7+ Kf8 21. Nf3 a5 22. Bf4 bxc5 23. bxc5 Ra7 24. Ne5 Ra6 25. Ra3 Ne4 26. Rc1 Bf6 27. Bf1 Bxe5 28. Bxe5 Ra7 29. Rca1 Rxf7 30. Bd3 Rb7 31. Rxa5 Rxb2 32. Rf1+ Ke7 33. Ra7+ Rd7 34. Rxd7+ Kxd7 35. Rf7+ Ke6 36. Rxg7 Rd2 37. Rxh7 Rxd3 38. Rxh6+ Kf5 39. Rxc6 Rd2 40. Rc8 Ng5 41. Rf8+ Ke4 42. h4 Nf3+ 43. Rxf3 Kxf3 44. h5 Rg2+ 45. Kh1 Ra2 46. c6 Rc2 47. c7 Rc6 48. Kg1 Rc1+ 49. Kh2 Rc6 50. Kh3 Rc1 51. Kh4 1-0

[Event "Austrian Championship 2022"]
[Site "Vienna"]
[Date "2022.08.15"]
[Round "5.16"]
[White "Schnepp, Gunnar"]
[Black "Dotzer, Lukas"]
[Result "1-0"]
[ECO "E17"]
[WhiteElo "2265"]
[BlackElo "2269"]
[Annotator "TA"]
[PlyCount "71"]
[EventDate "2022.08.12"]
[EventType "swiss"]
[EventCountry "AUT"]
[SourceTitle "playchess.com"]
[Source "ChessBase"]
[SourceQuality "1"]
[TimeControl "40/5400+30:1800+30"]

1. d4 Nf6 2. Nf3 e6 3. c4 b6 4. g3 Bb7 5. Bg2 Be7 6. O-O O-O 7. d5 exd5 8. Nh4 c6 9. cxd5 Nxd5 10. Nf5 Nc7 11. e4 d5 12. Nc3 Bf6 13. exd5 cxd5 {[%emt 0:05:22] The main line 13...cxd5 scores better than 13...Nxd5.} 14. Bf4 {[%emt 0:05:56] Strongly threatening Bxc7. E17: Queen's Indian: 4 g3 Bb7 5 Bg2 Be7.} Bxc3 (14... Nba6 $11 {keeps the balance.}) 15. bxc3 $16 {[%emt 0:00:37] aiming for Re1.} Nd7 16. Qg4 {[%emt 0:21:34][%csl Gf5][%cal Rg4g7] White is much more active. The black rooks are badly placed. White is better.} Ne6 {[%emt 0:11:37] [#]} 17. Nh6+ $146 (17. Nxg7 $1 $16 Nxg7 18. Bh6) ({Predecessor:} 17. Bd6 Nf6 18. Qb4 Re8 19. Be7 Qd7 20. Bxf6 gxf6 21. Qh4 Ng5 22. g4 Rac8 23. Qh6 {1-0 (30) Soderstrom,A (2292)-Boci,P (1709) Thessaloniki 2022}) 17... Kh8 $14 {[%emt 0:00:09] [#]} 18. Nxf7+ $1 {[%emt 0:00:19][%mdl 64] Remove Defender, Decoy} Rxf7 19. Qxe6 Re7 20. Qf5 Nf6 21. Rfe1 Qd7 22. Qxd7 Rxd7 23. Rad1 Rad8 24. Re6 Kg8 25. Bh3 {[%emt 0:03:57] And now Re3 would win.} Kf7 26. Rde1 Ne4 {[%emt 0:08:56] Loses the game.} (26... Kf8 $16) 27. Re5 $18 Rd6 (27... h6 $142 28. Bxd7 Rxd7 29. Rf5+ Kg6) 28. f3 g5 (28... Nc5 $142 29. Re7+ Kg6) 29. Bc1 ({Less strong is} 29. fxe4 gxf4 30. Rh5 (30. gxf4 dxe4 31. Bf5 Rd1 $11) 30... Kg6 $14) 29... Nc5 30. Bxg5 Rg8 31. Be7 {[%emt 0:01:12] This bishop pair is nice.} Rh6 32. Bxc5 Rxh3 33. Re7+ Kg6 34. R1e6+ Kf5 35. g4+ (35. Bd4 $142 Rg6 36. g4+ Rxg4+ 37. fxg4+ Kxg4 38. Rxb7 Rh5 39. Rxa7 Rg5 40. Rxb6 Kf5+ 41. Kf1) 35... Kf4 36. Rf7+ {[%emt 0:00:29] Weighted Error Value: White=0.12 (very precise) /Black=0.81} 1-0

[Event "Austrian Championship 2022"]
[Site "Vienna"]
[Date "2022.08.15"]
[Round "5.17"]
[White "Sucher, Johannes"]
[Black "Neumeier, Klaus"]
[Result "1/2-1/2"]
[ECO "D39"]
[WhiteElo "2164"]
[BlackElo "2257"]
[Annotator "TA"]
[PlyCount "65"]
[EventDate "2022.08.12"]
[EventType "swiss"]
[EventCountry "AUT"]
[SourceTitle "playchess.com"]
[Source "ChessBase"]
[SourceQuality "1"]
[TimeControl "40/5400+30:1800+30"]

1. d4 d5 2. Nf3 Nf6 3. c4 e6 4. Nc3 Bb4 5. Bg5 dxc4 6. e4 b5 7. a4 {[%emt 0:27:31] D39: Queen's Gambit Declined: Ragozin Defence with 5 Bg5 dxc4.} c5 $1 {[%emt 0:03:09][%mdl 4] now scores much better than the old 7...c6.} 8. axb5 cxd4 9. Nxd4 {[%emt 0:00:22] [#] White is slightly better.} Bc5 $146 {[%emt 0:05:29] [#]} (9... O-O $11 {keeps the balance.}) ({Predecessor:} 9... h6 10. Bxf6 Qxf6 11. Bxc4 O-O 12. O-O Bb7 13. Qb3 Bc5 14. Nxe6 fxe6 15. Bxe6+ Kh8 {0-1 (43) Duda,J (2760)-Aronian,L (2772) chess24.com INT 2022}) 10. Nc2 ({White should play} 10. Be3 $1 $16) 10... Qxd1+ 11. Rxd1 Nbd7 12. Bxc4 Bb7 {[%emt 0:02:22] [#]} 13. f3 Rc8 (13... Ke7 $16 {was called for.} 14. Be3 (14. b4 Bd6 $14) 14... Bb6) 14. Be2 $18 Bb6 15. Be3 Nc5 16. Nb4 (16. Na3 $18) 16... Ke7 $16 (16... Ncxe4 $2 17. Nxe4 Nxe4 18. Bxb6 axb6 19. fxe4 $18) 17. Kf2 Nfd7 18. Na6 {[%emt 0:01:26] White is more active.} (18. Ra1 $142) 18... Nb3 19. Bxb6 axb6 20. Nb4 Ndc5 21. Ke3 Rhd8 22. Rxd8 {[%emt 0:00:19] Dancing on a razor blade.} Kxd8 (22... Rxd8 $16 23. Nc6+ Bxc6) 23. Rd1+ $18 Ke7 24. Nd3 ({Better is} 24. Nc2 $18) 24... Nd7 25. Nc1 Nbc5 26. Bd3 Ne5 27. Be2 (27. h4 $16) 27... Ra8 (27... Ned7 $1 $11 {remains equal.}) 28. f4 Ned7 29. Bc4 (29. g3 $16) 29... Na4 {[%emt 0:01:28] The position is equal.} 30. Rd2 Nxc3 31. bxc3 Rc8 32. Bd3 Rxc3 33. Rc2 $1 {[%emt 0:00:13] Black defended with fortune.  Weighted Error Value: White=0.31/Black=0.29 (precise)} 1/2-1/2

[Event "Austrian Championship 2022"]
[Site "Vienna"]
[Date "2022.08.15"]
[Round "5.18"]
[White "Lerch, Johannes"]
[Black "Hoegl, Emanuel"]
[Result "1/2-1/2"]
[ECO "B10"]
[WhiteElo "2222"]
[BlackElo "2094"]
[Annotator "TA"]
[PlyCount "71"]
[EventDate "2022.08.12"]
[EventType "swiss"]
[EventCountry "AUT"]
[SourceTitle "playchess.com"]
[Source "ChessBase"]
[SourceQuality "1"]
[TimeControl "40/5400+30:1800+30"]

1. e4 c6 2. Nf3 d5 3. d3 dxe4 4. dxe4 Qxd1+ 5. Kxd1 Bg4 6. Be2 {[%emt 0:00:06] B10: Caro-Kann: 2 d3 and 2 c4.} Nd7 7. Ne1 Bxe2+ 8. Kxe2 {[%emt 0:00:04] White is slightly better.} e5 9. Nd3 Nc5 {[%emt 0:00:23] [#]} 10. Nxc5 $146 ({Predecessor:} 10. Nd2 Nf6 11. Nxc5 Bxc5 12. f3 Nd7 13. a4 a5 14. Nc4 Ke7 15. Rd1 f6 16. Bd2 {½-½ (44) Goganov,A (2582)-Shakirov,M (2139) St Petersburg 2022}) 10... Bxc5 11. Nd2 O-O-O 12. Nc4 f6 (12... Rd4 $11 13. Nd2 Rd7) 13. f3 Ne7 14. a4 Ng6 15. g3 ({Reject} 15. Be3 Bxe3 16. Kxe3 Rd4 $11) 15... h5 16. h4 Nf8 17. c3 Ne6 18. b4 Be7 19. Be3 b6 20. Ra2 Rd7 {[%emt 0:10:01] [#]} (20... g6 $14) 21. Rd2 ({Better is} 21. Bxb6 $1 $16 {[%mdl 512] Strongly threatening Be3.} axb6 22. Nxb6+ Kd8 23. Nxd7 Kxd7 24. Rd1+ Kc8 25. Ke3) 21... Rxd2+ $14 22. Bxd2 Kb7 23. Be3 Rd8 24. Rg1 Rg8 (24... Bf8 $14) 25. f4 $16 exf4 26. gxf4 g5 (26... Nf8 $16 27. Rd1 Kc7) 27. hxg5 $18 fxg5 28. f5 Nd8 29. e5 g4 30. Bf4 {[%emt 0:07:25] aiming for Rd1.} Kc8 31. Rh1 g3 (31... h4 $142 32. f6 Bf8 33. Rxh4 g3) 32. Ne3 {[%emt 0:12:38] Kf3 is the strong threat.} ({Not} 32. Rxh5 Rg4 33. Bxg3 Rxg3 $11) 32... Bg5 33. Ng2 ({White should play} 33. Bxg5 $18 Rxg5 34. e6) 33... Bxf4 $11 {[%emt 0:00:30] The position is equal.} 34. Nxf4 g2 35. Rg1 {[%emt 0:00:20] [#] Hoping for Ng6.} Rg5 36. Kf3 {[%emt 0:07:22] Weighted Error Value: White=0.25 (precise) /Black=0.26 (precise)} 1/2-1/2

[Event "Austrian Championship 2022"]
[Site "Vienna"]
[Date "2022.08.15"]
[Round "5.19"]
[White "Kienboeck, Benjamin"]
[Black "Belke, Frank"]
[Result "1-0"]
[ECO "C16"]
[WhiteElo "2151"]
[BlackElo "2226"]
[Annotator "TA"]
[PlyCount "95"]
[EventDate "2022.08.12"]
[EventType "swiss"]
[EventCountry "AUT"]
[SourceTitle "playchess.com"]
[Source "ChessBase"]
[SourceQuality "1"]
[TimeControl "40/5400+30:1800+30"]

1. e4 e6 2. d4 d5 3. Nc3 Bb4 4. e5 Qd7 5. a3 Bxc3+ 6. bxc3 b6 7. Qg4 f5 8. Qg3 Ba6 9. Bxa6 Nxa6 10. Ne2 Kf7 {[%emt 0:00:09] C16: French: 3 Nc3 Bb4 4 e5: Lines without ...c5.} 11. O-O Ne7 12. h4 {[%emt 0:04:23] [#]} h6 $146 {[%emt 0:04:27] The position is equal.} ({Predecessor:} 12... Qa4 13. h5 Qxc2 14. h6 Rhg8 15. Nf4 Ng6 16. Nxg6 hxg6 17. hxg7 Nb8 18. Bh6 Qe2 {1-0 (27) Hecht,C (2091)-Welling,G (2336) Bad Wiessee 2013}) 13. Nf4 ({White should play} 13. a4 $14) 13... Qa4 $11 14. h5 Rhg8 15. Re1 c5 16. Ng6 (16. Be3 $11) 16... cxd4 $15 17. Nxe7 Kxe7 18. Qh4+ Kd7 19. cxd4 {[%emt 0:01:52] [#]} (19. Be3 $142) 19... Rac8 (19... Qxc2 20. Qg3 $11) (19... Nb4 $142 $1 20. Rd1 Nxc2) 20. Bd2 $17 Rc7 (20... Qxc2 $6 21. Bb4 Nxb4 22. axb4 $11) 21. c4 (21. Qg3 $15) 21... Rxc4 22. Bb4 {[%emt 0:00:17] Hoping for Qe7+.} Kc8 (22... Nxb4 $6 23. axb4 Qxb4 24. Reb1 $14) 23. Rec1 (23. Bd6 $142) 23... Rd8 ({Better is} 23... Nxb4 24. axb4 Qd7) 24. Rxc4+ dxc4 25. Bd6 (25. Rc1 $17 Qc6 26. Qe7) 25... Nc7 $19 {[%emt 0:03:37] Threatens to win with ...c3.} 26. Rc1 Rd7 (26... Nd5 27. Qg3 $11) 27. Qg3 Qc6 28. Qc3 Nb5 (28... b5 $19 {and Black stays clearly on top.} 29. Bc5 (29. a4 Nd5 $17) 29... Nd5) 29. Qxc4 $17 Qxc4 30. Rxc4+ {[%emt 0:00:01][%mdl 4096] Endgame KRB-KRN} Kb7 31. Bf8 Rf7 (31... Rxd4 $2 32. Rxd4 Nxd4 33. Bxg7 $18) 32. Bb4 (32. a4 $15) 32... Rd7 33. Bf8 Nxd4 34. Bxg7 $2 Ne2+ ({Stronger than} 34... Rxg7 35. Rxd4 Rc7 36. f3 $11) 35. Kf1 {[%emt 0:00:34] [#]} Rxg7 (35... b5 $1 $19 36. Kxe2 bxc4) 36. Kxe2 $11 Rxg2 $19 {[%emt 0:00:08] KR-KR} 37. Rd4 $1 Rg4 38. Rd7+ Ka6 39. f3 Rh4 40. Rd6 Rxh5 ({Resist} 40... Rh2+ 41. Ke3 $16) 41. Rxe6 {[%emt 0:31:12] Strongly threatening Ke3.} Kb5 $1 42. Ke3 Kc5 (42... Rh4 $1 $11 {and Black is okay.}) 43. Kf4 $18 a5 44. Re8 {[%emt 0:00:34] Rd8 is the strong threat.} b5 45. Rd8 {[%emt 0:00:54] And now e6 would win.} b4 $2 (45... Rh2 $18 46. Ra8 (46. Kxf5 b4 $16) 46... h5) 46. axb4+ axb4 47. e6 {[%emt 0:00:23] Intending e7 and mate.} Rh4+ 48. Kg3 {[%emt 0:00:00] Quite a comeback for White.  Weighted Error Value: White=0.37/Black=0.68} 1-0

[Event "Austrian Championship 2022"]
[Site "Vienna"]
[Date "2022.08.15"]
[Round "5.20"]
[White "Scheffknecht, Philipp"]
[Black "Bauer, Thomas"]
[Result "0-1"]
[ECO "B23"]
[WhiteElo "2093"]
[BlackElo "2228"]
[Annotator "TA"]
[PlyCount "76"]
[EventDate "2022.08.12"]
[EventType "swiss"]
[EventCountry "AUT"]
[SourceTitle "playchess.com"]
[Source "ChessBase"]
[SourceQuality "1"]
[TimeControl "40/5400+30:1800+30"]

1. e4 c5 2. Nc3 e6 3. f4 Nh6 {[%emt 0:00:12] [#]} 4. Bc4 $146 ({Predecessor:} 4. Nf3 Nc6 5. d4 cxd4 6. Nxd4 a6 7. Be3 Bb4 8. Nxc6 Bxc3+ 9. bxc3 bxc6 10. Bc5 d5 11. Qd4 {1-0 (40) Fallowfield,J (2047)-Needham,S (1754) England 2015}) 4... a6 5. a4 Qh4+ 6. g3 {[%emt 0:00:46] B23: Closed Sicilian: Lines without g3.} Qe7 7. Qe2 Nc6 {[%emt 0:00:02][%cal Od7d5] White must now prevent ...d5!} 8. Nf3 {[%emt 0:00:32] The position is equal.} g6 9. O-O Bg7 10. d3 b6 11. h3 Bb7 12. Be3 Nd4 13. Bxd4 cxd4 14. Nd1 Qc5 15. Kh2 O-O 16. c3 dxc3 17. bxc3 d5 18. Ba2 dxe4 19. dxe4 Rfd8 20. Rb1 Rac8 {[%emt 0:07:30] Black is more active.} 21. Rb4 a5 ({Of course not} 21... Bxc3 $6 22. Rc4 Qa3 23. Nxc3 $15) 22. Rb2 Qc6 (22... Bc6 $17 23. Bb3 b5) 23. e5 ({White should play} 23. Ng5 $15) 23... Nf5 $17 {[%emt 0:06:33][%cal Od8d1] ...Rxd1! is the strong threat.} ({Not} 23... Qxa4 24. Ng5 $17) 24. Bb3 h5 25. g4 {[%emt 0:01:44] [#]} (25. Bc2 $17 {is a better defense.}) 25... hxg4 (25... Bh6 $1 $19 26. Ng5 hxg4 27. hxg4 Ne7) 26. hxg4 Ne7 27. Nd4 Qd7 {[%emt 0:01:32][%cal Og6g5] Threatens to win with ...g5!} 28. Kg3 $2 (28. Rd2 $17) 28... Nc6 $2 (28... g5 $19 29. Nf3 gxf4+ 30. Kh2 Ng6) 29. Nf3 Ne7 $2 (29... Qc7 $17) 30. Nd4 $19 Rc5 (30... g5 $142 31. Nf3 gxf4+ 32. Kh3 Ng6) 31. Bc2 $2 (31. Nf3 {was called for.}) 31... Nd5 32. Rb3 {[%emt 0:00:32] [#]} (32. Nf3 $142 Qc7 33. Rf2) 32... Nxf4 $1 33. Kxf4 (33. Rxf4 Bxe5) 33... Bxe5+ {[%emt 0:00:01] A strong pair of Bishops.} 34. Ke3 {[%emt 0:00:30] [#]} Rxc3+ $3 {[%emt 0:00:19][%mdl 512] Black mates.} 35. Kf2 (35. Kd2 Qxd4+) 35... Qxd4+ 36. Ke1 Bg3+ 37. Nf2 Rxb3 38. Bxb3 Qc3+ {[%emt 0:00:17] Weighted Error Value: White=0.79/Black=0.36} 0-1

[Event "Austrian Championship 2022"]
[Site "Vienna"]
[Date "2022.08.15"]
[Round "5.21"]
[White "Hechl, Gerald"]
[Black "Wagner, Leopold Franziskus"]
[Result "1/2-1/2"]
[ECO "D00"]
[WhiteElo "2222"]
[BlackElo "2080"]
[Annotator "TA"]
[PlyCount "96"]
[EventDate "2022.08.12"]
[EventType "swiss"]
[EventCountry "AUT"]
[SourceTitle "playchess.com"]
[Source "ChessBase"]
[SourceQuality "1"]
[TimeControl "40/5400+30:1800+30"]

1. d4 Nf6 2. Bg5 d5 3. Bxf6 exf6 4. e3 Bd6 5. g3 c6 6. Bg2 {[%emt 0:00:22] D00: 1 d4 d5: Unusual lines.} O-O 7. Ne2 Re8 8. O-O {[%emt 0:00:07] The position is equal.} Bg4 9. b3 {[%emt 0:02:43] [#]} Bb4 $146 ({Predecessor:} 9... Qb6 10. Qd3 Bxe2 11. Qxe2 Qxd4 12. c3 Qe5 13. Rd1 Nd7 14. Qc2 Rad8 15. Nd2 Qe7 {½-½ (63) Danielian,E (2407)-Schut,H (2101) Chess.com INT 2020}) 10. c3 Ba5 11. Qc2 Bxe2 (11... g6 $11) 12. Qxe2 $14 Nd7 13. Qd3 Qe7 14. Re1 Rad8 15. Nd2 Nf8 16. Kf1 {[%emt 0:05:17] White is more active.} Qd7 17. Re2 f5 18. Nf3 g6 19. Ne5 Qe7 20. Qc2 Nd7 21. Nd3 Nf6 22. f3 (22. c4 $11) 22... h5 23. Nf4 h4 24. Bh3 ({Better is} 24. Rae1) 24... Bc7 $17 25. Rae1 Qf8 26. Bxf5 Bxf4 27. gxf4 gxf5 28. Rg2+ Kh8 29. Qxf5 Qh6 30. Rg5 Nh7 31. Rh5 Qg6 32. Qxg6 fxg6 33. Rxh4 Kg7 34. Rg4 Nf6 35. Rg5 Kf7 36. Kf2 Rh8 37. Rh1 Rc8 38. Ke2 c5 (38... Rh4 $17 {Strongly threatening ...Rch8.} 39. Kd3 Rh3) 39. Kd3 (39. dxc5 $15 Rxc5 40. Kd3) 39... cxd4 40. Kxd4 Rh3 41. Rg3 Rch8 {[%emt 0:00:00] [#] Threatens to win with ...Rxg3.} 42. Rhg1 Rxg3 43. hxg3 {[%emt 0:00:20][%mdl 4096] Endgame KRN-KR} Rh2 {[%emt 0:00:00] Inhibits Rg2.} 44. e4 Rd2+ 45. Ke3 Rxa2 46. e5 {[%emt 0:01:58] [#]} Nd7 (46... Ng8 $1 $17 {And now ...Ke6 would win.} 47. b4 Ne7) 47. Rh1 $15 Nf8 48. g4 $1 Rc2 {[%emt 0:00:00] Weighted Error Value: White=0.15 (very precise) /Black=0.14 (very precise)} (48... Ra3 $5 49. f5 Rxb3 $15) 1/2-1/2

[Event "Austrian Championship 2022"]
[Site "Vienna"]
[Date "2022.08.15"]
[Round "5.22"]
[White "Steiner, Adam"]
[Black "Ernst, Robert"]
[Result "1-0"]
[ECO "B50"]
[WhiteElo "2226"]
[BlackElo "2001"]
[Annotator "TA"]
[PlyCount "153"]
[EventDate "2022.08.12"]
[EventType "swiss"]
[EventCountry "AUT"]
[SourceTitle "playchess.com"]
[Source "ChessBase"]
[SourceQuality "1"]
[TimeControl "40/5400+30:1800+30"]

1. e4 c5 2. Nf3 e6 3. b3 Nc6 4. Bb2 d6 5. d4 cxd4 6. Nxd4 Nf6 7. Bd3 $1 {[%emt 0:00:38][%mdl 4] is now more promising than 7.Nxc6.} Be7 {[%emt 0:00:51] B50: Sicilian: 2...d6, Miscellaneous.} 8. O-O O-O 9. Nxc6 bxc6 {[%emt 0:00:02] White has an edge.} 10. e5 dxe5 11. Bxe5 Nd7 12. Bc3 ({Don't go for} 12. Qh5 $2 g6 13. Qh6 Nxe5 $19) 12... Nc5 13. Bc4 Ne4 14. Bb2 Qxd1 15. Rxd1 Bc5 16. Rf1 {[%emt 0:04:37] [#]} Rd8 $146 ({Predecessor:} 16... Bb7 17. Bd3 Nf6 {½-½ (17) Rendle,T (2241)-Hardicsay,P (2302) Budapest 2002}) 17. Bd3 Nf6 18. Nc3 Bb7 19. Ne4 Nxe4 20. Bxe4 Bd4 21. c3 Bf6 22. Rfd1 a5 23. Bf3 Kf8 24. Rxd8+ Rxd8 25. Rd1 {[%emt 0:00:13] Against Rd2} Rxd1+ 26. Bxd1 $11 {[%emt 0:00:10][%mdl 4096] Endgame KBB-KBB} Ba6 27. Ba3+ Ke8 28. c4 Kd7 29. Bf3 a4 30. Bc5 axb3 31. axb3 Bc3 32. Kf1 e5 33. g4 Bd4 34. Bf8 g6 35. g5 c5 36. Bd5 Ke8 $1 37. Bd6 Kd7 38. Bf8 Ke8 39. Bg7 Bc8 40. f3 {[%emt 0:01:00] Inhibits Bg4.} Bf5 41. Be4 Bxe4 42. fxe4 {[%emt 0:00:01] KB-KB} Kd7 43. Ke2 Kc6 44. Bf6 Kb6 45. Bd8+ Kc6 46. Kd3 Kd7 47. Ba5 Ke6 48. b4 cxb4 49. Bxb4 f5 $2 {[%emt 0:00:00][%mdl 8192] [#]} (49... Bg1 $11) 50. gxf6 $1 $18 Kxf6 51. Ke2 $2 (51. c5 $18 Ke7 52. c6+ Kd8 53. Bd6) 51... Ke6 $11 52. Bd2 Kd6 53. Bh6 Kc5 54. Kd3 Kc6 55. Bf8 Bc5 56. Bg7 Bd4 57. Bh6 Kb6 58. Bd2 Kc5 59. Bc1 Kb6 60. Ba3 Kc6 61. Ke2 Bc5 62. Bb2 Bd4 63. Bxd4 exd4 {[%emt 0:00:02] K3P-K3P} 64. Kd3 Kc5 65. e5 g5 66. e6 Kd6 67. Kxd4 Kxe6 {[%emt 0:00:08] KPP-KPP} 68. Ke4 Kd6 69. Kf5 Kc5 70. Kxg5 {[%emt 0:00:05] Threatening mate with Kh6.} Kxc4 {[%emt 0:00:03] KP-KP} 71. Kh6 {[%emt 0:00:41] Intending h4 and mate.} Kd5 72. Kxh7 {[%emt 0:00:17] h4 would kill now.} Ke5 $2 {[%emt 0:00:31][%mdl 8192] [#]} (72... Ke4 $11) 73. Kg6 Ke6 74. h4 Ke7 75. Kg7 Ke6 76. Kg6 $2 (76. h5 {mates} Kf5 77. h6 Kg5 78. h7 Kf5 79. h8=Q Ke5 80. Qd8 Ke4 81. Kf6) 76... Ke7 77. Kg7 {[%emt 0:00:30][%mdl 32768] Weighted Error Value: White=0.17 (very precise) /Black=0.03 (flawless) . Sensor Board Error (Ke4/e5)?} 1-0

[Event "Austrian Championship 2022"]
[Site "Vienna"]
[Date "2022.08.15"]
[Round "5.23"]
[White "Steiner, Bruno"]
[Black "Fuchs, Patrick"]
[Result "1-0"]
[ECO "D02"]
[WhiteElo "2126"]
[BlackElo "1990"]
[Annotator "NA RC"]
[PlyCount "83"]
[EventDate "2022.08.12"]
[EventType "swiss"]
[EventCountry "AUT"]
[SourceTitle "playchess.com"]
[Source "ChessBase"]
[SourceQuality "1"]
[TimeControl "40/5400+30:1800+30"]

1. Nf3 c5 2. e3 d5 3. d4 Nc6 4. c3 Bg4 5. h3 Bh5 6. dxc5 e6 7. b4 Bxf3 8. Qxf3 a5 9. Bb5 g6 10. a3 Bg7 11. Ra2 Nge7 12. O-O O-O 13. Qe2 e5 14. Bxc6 bxc6 15. Nd2 f5 16. Nb3 a4 17. Na5 Qc8 18. Rd2 f4 19. exf4 e4 20. c4 Rxf4 21. cxd5 cxd5 22. Rdd1 Rf7 23. Bg5 Qe6 24. Qa2 Bf6 25. Be3 Be5 26. Bg5 Bf6 27. Bh6 Be5 28. Qe2 Nf5 29. Bc1 Bc7 30. Bb2 d4 31. Nc4 Rd8 32. Rfe1 Re7 33. Rc1 Bf4 34. Qc2 d3 35. Qc3 Rd4 36. Ne3 d2 37. Nxf5 dxe1=Q+ 38. Rxe1 gxf5 39. Qxd4 Be5 40. Qxe5 Qxe5 41. Bxe5 Rxe5 42. Rc1 1-0

[Event "Austrian Championship 2022"]
[Site "Vienna"]
[Date "2022.08.15"]
[Round "5.24"]
[White "Kersten, Julian"]
[Black "Trkulja, Zoran"]
[Result "0-1"]
[ECO "B45"]
[WhiteElo "1999"]
[BlackElo "2111"]
[Annotator "NA RC"]
[PlyCount "76"]
[EventDate "2022.08.12"]
[EventType "swiss"]
[EventCountry "AUT"]
[SourceTitle "playchess.com"]
[Source "ChessBase"]
[SourceQuality "1"]
[TimeControl "40/5400+30:1800+30"]

1. e4 c5 2. Nf3 e6 3. d4 cxd4 4. Nxd4 Nf6 5. Nc3 Nc6 6. Be2 Bb4 7. O-O a6 8. Nxc6 dxc6 9. Qxd8+ Kxd8 10. e5 Bxc3 11. bxc3 Nd7 12. f4 Kc7 13. Ba3 c5 14. Bf3 Ra7 15. Rfd1 b6 16. Rd6 Bb7 17. Bxb7 Rxb7 18. c4 Rd8 19. Rad1 Rbb8 20. Bb2 g6 21. Bc3 Nf8 22. Be1 Rxd6 23. exd6+ Kc6 24. Bh4 Nd7 25. Be7 b5 26. cxb5+ axb5 27. Rd3 Ra8 28. a3 Ra4 29. Rh3 h5 30. g4 hxg4 31. Rh8 Nb6 32. Rb8 Ra8 33. Rxa8 Nxa8 34. d7 Kxd7 35. Bxc5 Kc6 36. Bd4 Kd5 37. Be5 Nb6 38. Bb2 Ke4 0-1

[Event "Austrian Championship 2022"]
[Site "Vienna"]
[Date "2022.08.16"]
[Round "6.1"]
[White "Nolz, Tom"]
[Black "Geroe, Leonhard"]
[Result "1-0"]
[ECO "D43"]
[WhiteElo "2230"]
[BlackElo "2017"]
[Annotator "TA"]
[PlyCount "47"]
[EventDate "2022.08.12"]
[EventType "swiss"]
[EventCountry "AUT"]
[SourceTitle "playchess.com"]
[Source "ChessBase"]
[SourceQuality "1"]
[TimeControl "40/5400+30:1800+30"]

1. d4 d5 2. Nf3 Nf6 3. c4 e6 4. Bg5 c6 5. Nc3 h6 6. Bxf6 Qxf6 7. e4 dxe4 8. Nxe4 Bb4+ 9. Ned2 Nd7 {[%emt 0:05:30] D43: Semi-Slav: 5 Bg5 h6.} 10. a3 Bxd2+ 11. Qxd2 {[%emt 0:00:03] [#]} e5 $146 (11... b6 $11) ({Predecessor:} 11... O-O 12. Qe3 c5 13. Rb1 cxd4 14. Qxd4 Qxd4 15. Nxd4 Nf6 16. Be2 e5 17. Nf3 Re8 {1-0 (48) Diaz Vasquez,M (2141)-Rebolledo Canto,M (1982) Santiago de Chile 2007}) 12. dxe5 $16 Nxe5 (12... Qe7 $16 {might work better.}) 13. Qe3 $18 O-O {[%emt 0:00:16] And now ...Nxf3+ would win.} 14. Qxe5 (14. Nxe5 $18 Re8 15. f4) 14... Qxe5+ $16 15. Nxe5 {[%emt 0:00:05] Threatens to win with 0-0-0.} Re8 {[%emt 0:00:06] [#]} 16. O-O-O $1 {[%emt 0:00:04] Strongly threatening Nd7.} Rxe5 17. Rd8+ Kh7 18. Bd3+ g6 19. Kd2 $36 {[%emt 0:12:03][%mdl 2048] White is on the roll.} Re7 {[%emt 0:18:44] [#]} (19... b6 $16) 20. Re1 $1 $18 Rd7 21. Ree8 {[%emt 0:11:17] aiming for Rxd7.} Rxd8 22. Rxd8 Kg7 23. b4 b6 (23... Kf6 $16 24. Be4 Ke7) 24. Be4 {[%emt 0:00:30] Weighted Error Value: White=0.19 (very precise) /Black=0.54} 1-0